Map: Blackpink LE

Players

Optimus

  • Race: Terran Terran
  • League: Grandmaster
  • Spawn Location: 1:00

Socke - Winner!

  • Race: Protoss Protoss
  • League: Master
  • Spawn Location: 7:00

Event: HomeStory Cup XVI

VOD

Have the link to the VOD?

Description

Time

  • Played on: Nov. 10, 2017, 9:39 a.m.
  • Length: 10:49

All games in this series

Show
View Real Time Build Order
Export as new Build Order

Optimus Terran 

Build Orders: Command Center First (CC), MMM Bio 

Get SALT Encoding   

  12  0:00  SCV  
  13  0:12  SCV  
  14  0:17  Supply Depot  
  14  0:24  SCV  
  15  0:38  SCV  
  16  0:50  SCV  
  17  0:59  Command Center  
  17  1:03  SCV  
  18  1:14  Barracks  
  18  1:17  SCV  
  19  1:28  Barracks  
  19  1:32  SCV  
  20  1:44  Barracks  
  20  1:46  SCV  
  21  2:00  Marine  
  22  2:02  Supply Depot  
  22  2:15  Marine, Bunker  
  22  2:18  Marine  
  22  2:22  Orbital Command  
  23  2:31  Marine  
  23  2:33  Marine  
  23  2:36  Orbital Command  
  25  2:39  Marine  
  26  2:48  Marine  
  26  2:49  Refinery  
  26  2:51  Refinery  
  27  2:54  Marine  
  27  2:56  SCV  
  29  3:02  SCV  
  30  3:06  Marine  
  30  3:07  Marine  
  30  3:09  SCV  
  30  3:12  Marine  
  34  3:14  SCV  
  35  3:21  SCV  
  35  3:24  Marine  
  35  3:25  Barracks Tech Lab  
  35  3:26  SCV  
  37  3:30  Marine  
  37  3:31  Supply Depot  
  37  3:33  SCV  
  39  3:38  SCV  
  40  3:42  Marine  
  40  3:44  Stimpack, Marine  
  40  3:45  SCV  
  44  3:50  SCV  
  44  3:52  Engineering Bay  
  45  3:56  Barracks Reactor  
  45  3:57  SCV  
  45  4:01  Supply Depot, Barracks Tech Lab  
  45  4:03  SCV  
  45  4:05  Marine  
  45  4:09  SCV  
  48  4:15  Refinery, SCV  
  49  4:17  Terran Infantry Weapons Level 1  
  49  4:20  Marine  
  49  4:21  SCV  
  49  4:23  Marine  
  52  4:27  Combat Shields, SCV  
  52  4:29  Missile Turret  
  53  4:33  SCV  
  54  4:39  SCV  
  54  4:40  Supply Depot  
  54  4:41  Marine x2  
  57  4:45  SCV  
  57  4:48  Marauder x2  
  62  4:53  Supply Depot  
  62  4:58  Factory  
  62  5:01  SCV, Marine x2  
  62  5:02  SCV  
  66  5:10  Marauder  
  66  5:14  Marauder  
  70  5:15  SCV x2  
  72  5:21  Supply Depot  
  72  5:23  Missile Turret  
  72  5:26  Marine x2  
  72  5:27  SCV x2  
  74  5:36  Marauder x2  
  78  5:43  Starport, SCV  
  78  5:45  Supply Depot, Factory Reactor  
  78  5:47  SCV  
  78  5:48  Concussive Shells  
  80  5:50  Marine x2  
  74  5:57  Marauder x2  
  74  5:58  SCV  
  74  6:02  SCV  
  80  6:08  Marine x2  
  80  6:10  SCV  
  83  6:17  Barracks, Terran Infantry Armor Level 1  
  83  6:18  Barracks  
  83  6:33  Marine x2  
  83  6:38  Medivac  
  83  6:39  Medivac  
  88  6:40  Command Center  
  88  6:41  SCV x2  
  88  6:45  Factory Reactor  
  90  6:49  Marauder, Supply Depot  
  90  6:51  Marauder  
  94  6:56  SCV  
  94  7:04  Supply Depot  
  94  7:05  Barracks Tech Lab  
  94  7:06  Supply Depot  
  94  7:07  SCV  
  94  7:11  SCV  
  94  7:13  Marauder x2  
  99  7:17  Refinery  
  99  7:19  SCV  
  99  7:20  Medivac x2  
  98  7:25  Marauder  
  98  7:28  SCV  
  97  7:31  SCV, Marine  
  97  7:34  Marauder  
  101  7:40  SCV  
  101  7:43  SCV  
  101  7:44  Marauder, Marine x2  
  100  7:50  Marine x2  
  106  7:53  Orbital Command  
  106  7:54  SCV  
  106  7:55  SCV  
  101  8:05  Medivac  
  101  8:06  Medivac, SCV  
  101  8:07  SCV  
  101  8:12  Marauder x2  
  111  8:15  Barracks, Marine  
  111  8:16  Barracks  
  112  8:27  Armory  
  112  8:29  Supply Depot, Engineering Bay  
  112  8:30  Marauder  
  112  8:32  Marine  
  112  8:33  Marauder  
  117  8:35  SCV  
  117  8:37  Marauder  
  120  8:42  Medivac x2  
  120  8:46  SCV  
  125  8:52  Marauder  
  125  8:55  Marauder, SCV x2  
  128  8:58  Marauder  
  122  9:06  Barracks Tech Lab  
  122  9:08  Barracks Tech Lab  
  122  9:09  Refinery  
  122  9:10  Supply Depot  
  122  9:11  Supply Depot, Widow Mine  
  122  9:12  Medivac x2  
  122  9:13  Marauder, Marine x2  
  122  9:15  Marine  
  122  9:16  Marauder, Marine  
  136  9:19  SCV  
  136  9:20  Marauder  
  139  9:31  Marine  
  131  9:32  Marine x2  
  131  9:34  Marauder  
  131  9:37  Marauder  
  140  9:40  Widow Mine  
  140  9:41  Marauder  
  136  9:50  Medivac  
  136  9:54  Marauder, Marine x2  
  136  9:56  Marauder, SCV x2  
  135  10:04  SCV  
  107  10:08  Widow Mine, SCV  
  107  10:09  Marauder x2, Marine x2  
  92  10:16  Marauder  
  92  10:17  Marauder  
  92  10:19  SCV  
  92  10:20  SCV x2  
  85  10:31  SCV  
  85  10:32  SCV x2  
Show
View Real Time Build Order
Export as new Build Order

Socke Protoss - Winner!

Build Orders: 1 Gate Expand, Colossus Rush 

Get SALT Encoding   

  12  0:02  Probe (Chrono Boost)  
  13  0:14  Probe (Chrono Boost)  
  14  0:17  Pylon  
  14  0:24  Probe (Chrono Boost)  
  15  0:31  Probe (Chrono Boost)  
  16  0:38  Gateway  
  16  0:41  Probe (Chrono Boost)  
  17  0:46  Assimilator  
  17  0:53  Probe (Chrono Boost)  
  19  1:06  Probe (Chrono Boost)  
  19  1:18  Probe (Chrono Boost)  
  20  1:25  Cybernetics Core  
  20  1:30  Probe (Chrono Boost)  
  21  1:42  Nexus  
  21  1:45  Pylon  
  21  1:49  Probe (Chrono Boost)  
  21  1:50  Assimilator  
  21  1:52  Adept  
  22  2:01  Probe (Chrono Boost)  
  23  2:03  Warp Gate  
  25  2:10  Stalker  
  25  2:13  Probe (Chrono Boost)  
  28  2:25  Probe (Chrono Boost)  
  30  2:37  Probe (Chrono Boost), Robotics Facility  
  30  2:49  Probe (Chrono Boost)  
  31  2:58  Probe (Chrono Boost)  
  32  3:01  Probe (Chrono Boost)  
  33  3:08  Stalker  
  33  3:10  Probe (Chrono Boost)  
  37  3:13  Probe (Chrono Boost)  
  37  3:16  Observer  
  37  3:21  Shield Battery  
  37  3:22  Probe (Chrono Boost)  
  37  3:24  Shield Battery  
  37  3:26  Probe (Chrono Boost)  
  40  3:28  Robotics Bay  
  41  3:34  Probe (Chrono Boost)  
  41  3:38  Warp Prism, Probe (Chrono Boost)  
  46  3:50  Probe x2 (Chrono Boost), Pylon  
  46  3:54  Assimilator, Pylon  
  46  4:00  Assimilator, Disruptor  
  46  4:06  Gravitic Drive  
  46  4:07  Pylon  
  48  4:10  Probe x2 (Chrono Boost)  
  48  4:14  Gateway  
  51  4:22  Stalker, Probe (Chrono Boost)  
  55  4:25  Probe (Chrono Boost)  
  55  4:34  Disruptor, Probe (Chrono Boost)  
  55  4:37  Probe (Chrono Boost)  
  61  4:46  Probe (Chrono Boost)  
  61  4:49  Probe (Chrono Boost)  
  62  4:55  Twilight Council  
  62  4:56  Gateway  
  62  4:58  Probe (Chrono Boost)  
  63  5:00  Gateway  
  63  5:04  Pylon  
  63  5:06  Colossus  
  64  5:07  Probe (Chrono Boost)  
  70  5:21  Pylon  
  70  5:24  Observer  
  70  5:30  Pylon  
  70  5:32  Sentry  
  70  5:35  Blink  
  71  5:42  Gateway  
  71  5:44  Gateway  
  71  5:57  Extended Thermal Lance, Observer  
  71  5:59  Adept x2, Colossus  
  75  6:16  Shield Battery  
  73  6:20  Forge  
  73  6:22  Pylon  
  73  6:23  Pylon  
  80  6:26  Probe (Chrono Boost)  
  80  6:32  Adept x2  
  84  6:33  Stalker x2  
  88  6:42  Protoss Ground Weapons Level 1  
  88  6:48  Colossus  
  88  6:53  Shield Battery  
  88  6:56  Nexus  
  88  6:57  Pylon  
  93  7:28  Probe x2 (Chrono Boost)  
  95  7:32  Photon Cannon  
  95  7:33  Shield Battery  
  95  7:35  Shield Battery  
  95  7:36  Shield Battery, Charge  
  95  7:38  Pylon  
  95  7:40  Probe (Chrono Boost), Pylon  
  95  7:43  Observer  
  97  7:47  Probe (Chrono Boost)  
  99  7:52  Probe (Chrono Boost)  
  99  7:56  Zealot x6  
  112  8:00  Probe (Chrono Boost)  
  113  8:06  Probe (Chrono Boost)  
  113  8:09  Observer  
  116  8:14  Assimilator, Probe x2 (Chrono Boost)  
  116  8:17  Assimilator  
  116  8:18  Probe (Chrono Boost)  
  117  8:25  Forge  
  117  8:26  Protoss Ground Armor Level 1  
  118  8:27  Probe (Chrono Boost)  
  118  8:28  Stalker  
  118  8:32  Probe (Chrono Boost)  
  119  8:34  Stalker  
  121  8:47  Probe (Chrono Boost)  
  122  8:53  Stalker x2  
  122  8:54  Stalker x3  
  130  9:01  Zealot  
  130  9:12  Probe x2 (Chrono Boost)  
  130  9:17  Stalker x2, Zealot x2  
  130  9:18  Zealot  
  137  9:40  Zealot x2  
  137  9:41  Zealot  
  135  9:50  Colossus  
  135  9:51  Zealot x3  
  135  10:13  Stalker x6  
  139  10:17  Probe x2 (Chrono Boost)  
  139  10:19  Gateway  
  139  10:21  Gateway  
  119  10:33  Probe (Chrono Boost)  
  103  10:43  Zealot x6  
Tags
 
Add a new tag
Caveats
  • Supply blocks, unpowered buildings, or Contaminate may cause inaccurate times.
  • Supply counts are checked every 10 seconds.